Map: World of Sleepers LE

Players

NoRegreT - Winner!

  • Race: Zerg Zerg
  • League: Master
  • Spawn Location: 7:00

Keiras

  • Race: Zerg Zerg
  • Spawn Location: 1:00

Event: NationWars 2019

VOD

Have the link to the VOD?

Description

Time

  • Played on: Oct. 1, 2019, 12:43 p.m.
  • Length: 7:28
Show
View Real Time Build Order
Export as new Build Order

NoRegreT Zerg - Winner!

Build Orders: Pool First 

Get SALT Encoding   

  12  0:00  Drone  
  13  0:13  Overlord  
  13  0:16  Drone  
  14  0:31  Drone x2  
  16  0:36  Extractor  
  16  0:37  Drone  
  16  0:48  Spawning Pool  
  16  0:49  Drone  
  16  0:58  Drone  
  17  1:20  Hatchery  
  17  1:22  Drone  
  17  1:34  Queen  
  19  1:41  Metabolic Boost  
  19  1:44  Zergling x2  
  20  1:48  Zergling x2  
  20  1:54  Overlord  
  21  1:58  Zergling x2  
  22  2:12  Overlord  
  22  2:14  Queen  
  24  2:17  Zergling x2  
  25  2:29  Zergling x2  
  26  2:33  Zergling x2  
  27  2:38  Zergling x2  
  27  2:43  Zergling x2  
  29  2:44  Zergling x4  
  29  2:45  Zergling x2  
  32  2:52  Zergling x2  
  32  2:53  Zergling x2  
  34  3:02  Zergling x2  
  34  3:05  Zergling x2  
  36  3:17  Zergling x2  
  36  3:19  Zergling x2  
  35  3:28  Zergling x2  
  35  3:29  Zergling x4  
  35  3:32  Zergling x4  
  35  3:34  Zergling x2  
  30  3:37  Zergling x2  
  30  3:39  Baneling Nest  
  30  3:43  Zergling x4  
  32  3:52  Zergling x4  
  33  4:03  Zergling x4  
  33  4:08  Zergling x4  
  33  4:09  Overlord  
  35  4:13  Zergling x2  
  35  4:15  Zergling x2  
  34  4:23  Zergling x2  
  35  4:28  Zergling x2, Baneling  
  35  4:30  Baneling  
  29  4:40  Zergling x4  
  29  4:45  Zergling x2  
  29  4:47  Zergling x2  
  29  4:48  Zergling x2  
  29  4:50  Zergling x2  
  29  4:53  Zergling x2  
  29  4:57  Zergling x2  
  31  5:01  Zergling x2  
  31  5:09  Zergling x2  
  31  5:12  Zergling x2  
  32  5:15  Baneling x2  
  32  5:17  Drone  
  29  5:36  Zergling x2  
  29  5:37  Zergling x2  
  29  5:38  Zergling x4  
  33  5:46  Zergling x2  
  33  5:49  Zergling x2  
  34  5:54  Zergling x2  
  35  5:57  Drone x2  
Show
View Real Time Build Order
Export as new Build Order

Keiras Zerg 

Build Orders: Pool First, Zergling Baneling 

Get SALT Encoding   

  12  0:00  Drone  
  13  0:09  Drone  
  14  0:17  Overlord  
  14  0:23  Extractor  
  14  0:24  Drone  
  15  0:35  Drone x2  
  17  0:44  Drone, Extractor  
  17  0:51  Spawning Pool  
  17  0:54  Drone  
  17  1:05  Drone  
  18  1:24  Hatchery  
  17  1:37  Zergling x4  
  17  1:38  Zergling x2  
  20  1:41  Queen  
  22  1:48  Metabolic Boost  
  22  2:01  Overlord  
  22  2:14  Baneling Nest  
  22  2:15  Zergling x2  
  22  2:20  Zergling x2  
  23  2:24  Zergling x2  
  23  2:26  Queen  
  26  2:40  Zergling x2  
  26  2:41  Zergling x2  
  28  2:48  Zergling x4  
  30  3:00  Baneling x2  
  30  3:04  Zergling x8  
  32  3:09  Baneling x2  
  28  3:20  Zergling x4  
  28  3:21  Zergling x4  
  28  3:23  Baneling x2  
  27  3:35  Zergling x8  
  31  3:41  Drone  
  31  3:44  Baneling  
  32  3:52  Drone x2  
  32  3:53  Drone  
  35  3:56  Baneling  
  35  4:00  Baneling  
  34  4:13  Zergling x4  
  34  4:15  Overlord  
  34  4:16  Overlord  
  35  4:21  Baneling  
  35  4:31  Zergling x6  
  30  4:39  Zergling x6  
  30  4:40  Zergling x4  
  26  4:54  Zergling x4  
  21  5:03  Zergling x2  
  18  5:11  Baneling x2  
  17  5:18  Drone  
  16  5:38  Zergling x6  
  14  5:49  Zergling x2  
Tags
 
Add a new tag
Caveats
  • Supply blocks, unpowered buildings, or Contaminate may cause inaccurate times.
  • Supply counts are checked every 10 seconds.